General information
- name: BNet
- type: Ladder team game (AT/RT)
- host: Battle.net
- saver: Saddam.Hussein
map: Battleground
- players: 8
- length: 35:07
- speed: Fast
- version: 1.26 W3XP
- replay type: Public
» download(199 KB)
Players
team 1 (loser)

»
PowerPuffsWeed (
teal | 37 APM | 937 actions | 25:07)
2 Priestess of the Moon
1 Searing Arrows
1 Trueshot Aura
1 Keeper of the Grove
1 Entangling Roots
» actions
| Basic commands | 10 | |
| Build / train | 62 | |
| Enter build submenu | 19 | |
| Enter hero's abilities submenu | 3 | |
| Remove unit from queue | 9 | |
| Right click | 481 | |
| Select / deselect | 313 | |
| Use ability | 40 | |
937 total
» units
| Wisp | 25 | |
| Archer | 16 | |
| Glaive Thrower | 3 | |
44 total
» upgrades
| Improved Bows | 1 | |
| Strength of the Moon | 2 | |
| Moon Armor | 1 | |
4 total
» buildings
| Moon Well | 6 | |
| Altar of Elders | 1 | |
| Ancient of War | 3 | |
| Tree of Ages | 1 | |
| Hunter's Hall | 1 | |
| Ancient Protector | 8 | |
| Tree of Eternity | 0 | |
| Tree of Life | 2 | |
| Ancient of Wonders | 1 | |
23 total
» build order
00:37 Moon Well
00:43 Altar of Elders
00:58 Ancient of War
01:55 Moon Well
03:16 Moon Well
04:40 Moon Well
04:48 Ancient of War
05:34 Moon Well
05:53 Tree of Ages
06:42 Hunter's Hall
07:48 Ancient Protector
07:53 Ancient Protector
07:58 Ancient Protector
11:57 Moon Well
13:44 Ancient of War
16:43 Tree of Eternity
18:35 Tree of Life
19:09 Tree of Life
19:14 Ancient Protector
19:15 Ancient Protector
19:16 Ancient Protector
19:17 Ancient Protector
20:09 Ancient Protector
21:45 Ancient of Wonders
HeartOfDarkness (
pink | 40 APM | 1398 actions | 35:07)
10 Death Knight
3 Death Coil
3 Unholy Aura
3 Death Pact
1 Animate Dead
» actions
| Assign group hotkey | 50 | |
| Basic commands | 75 | |
| Build / train | 62 | |
| ESC pressed | 1 | |
| Enter build submenu | 23 | |
| Enter hero's abilities submenu | 9 | |
| Give item / drop item | 5 | |
| Right click | 756 | |
| Select / deselect | 207 | |
| Select group hotkey | 149 | |
| Use ability | 61 | |
1398 total
» units
» upgrades
| Creature Attack | 3 | |
| Creature Carapace | 3 | |
| Stone Form | 1 | |
7 total
» buildings
| Ziggurat | 11 | |
| Crypt | 2 | |
| Altar of Darkness | 1 | |
| Graveyard | 1 | |
| Halls of the Dead | 1 | |
| Nerubian Tower | 1 | |
| Tomb of Relics | 3 | |
| Black Citadel | 1 | |
| Spirit Tower | 2 | |
| Necropolis | 1 | |
| Sacrificial Pit | 1 | |
25 total
» build order
00:07 Ziggurat
00:08 Crypt
00:38 Altar of Darkness
00:58 Ziggurat
02:25 Graveyard
02:53 Halls of the Dead
04:29 Ziggurat
04:59 Crypt
05:17 Nerubian Tower
05:26 Ziggurat
05:50 Tomb of Relics
05:55 Tomb of Relics
07:20 Black Citadel
11:11 Spirit Tower
13:39 Necropolis
15:32 Tomb of Relics
15:34 Ziggurat
15:35 Ziggurat
15:37 Ziggurat
15:37 Ziggurat
15:41 Ziggurat
15:50 Ziggurat
15:58 Ziggurat
18:45 Spirit Tower
27:47 Sacrificial Pit
» items
| Orb of Corruption | 1 | |
| Scroll of Healing | 1 | |
| Periapt of Vitality | 2 | |
| Tome of Retraining | 1 | |
| Scroll of Town Portal | 1 | |
| Staff of Teleportation | 1 | |
7 total
BLACK-BALLS-BEN (
purple | 52 APM | 1835 actions | 35:07)
7 Archmage
3 Summon Water Elemental
3 Brilliance Aura
1 Mass Teleport
1 Naga Sea Witch
1 Frost Arrows
» actions
| Assign group hotkey | 41 | |
| Basic commands | 24 | |
| Build / train | 73 | |
| Enter build submenu | 20 | |
| Enter hero's abilities submenu | 9 | |
| Give item / drop item | 5 | |
| Right click | 772 | |
| Select / deselect | 290 | |
| Select group hotkey | 470 | |
| Use ability | 131 | |
1835 total
» units
| Peasant | 13 | |
| Footman | 5 | |
| Gryphon Rider | 6 | |
24 total
» upgrades
| Lumber Harvesting | 2 | |
| Masonry | 3 | |
| Defend | 1 | |
| Storm Hammers | 1 | |
| Animal War Training | 1 | |
| Swords | 2 | |
10 total
» buildings
| Altar of Kings | 1 | |
| Barracks | 1 | |
| Farm | 12 | |
| Scout Tower | 4 | |
| Arcane Tower | 2 | |
| Keep | 2 | |
| Lumber Mill | 1 | |
| Arcane Vault | 5 | |
| Guard Tower | 1 | |
| Castle | 1 | |
| Gryphon Aviary | 2 | |
| Blacksmith | 1 | |
| Town Hall | 1 | |
34 total
» build order
00:11 Altar of Kings
00:22 Barracks
00:37 Farm
00:51 Farm
01:38 Farm
02:04 Scout Tower
02:36 Arcane Tower
02:36 Arcane Tower
03:24 Keep
03:25 Keep
04:22 Scout Tower
04:23 Scout Tower
04:23 Scout Tower
04:30 Lumber Mill
04:38 Arcane Vault
05:28 Guard Tower
05:32 Arcane Vault
05:50 Arcane Vault
06:04 Farm
06:26 Castle
06:30 Gryphon Aviary
07:27 Gryphon Aviary
08:26 Farm
08:26 Farm
08:28 Farm
08:28 Farm
08:28 Farm
08:29 Farm
11:43 Blacksmith
13:41 Town Hall
15:38 Arcane Vault
24:57 Arcane Vault
33:38 Farm
» items
| Scroll of Regeneration | 4 | |
| Mechanical Critter | 2 | |
| Staff of Teleportation | 1 | |
| Potion of Lesser Invulnerability | 2 | |
| Potion of Mana | 6 | |
| Potion of Invisibility | 1 | |
| Boots of Speed | 1 | |
17 total

»
stc (
yellow | 56 APM | 1322 actions | 23:48)
5 Far Seer
3 Feral Spirit
2 Chain Lighting
» actions
| Basic commands | 7 | |
| Build / train | 66 | |
| Enter build submenu | 15 | |
| Enter hero's abilities submenu | 5 | |
| Give item / drop item | 1 | |
| Right click | 761 | |
| Select / deselect | 394 | |
| Use ability | 73 | |
1322 total
» units
| Peon | 6 | |
| Grunt | 21 | |
| Troll Headhunter/Berserker | 3 | |
| Raider | 15 | |
45 total
» upgrades
| Pillage | 1 | |
| Armor | 1 | |
| Melee Weapons | 2 | |
| Ranged Weapons | 1 | |
| Ensnare | 1 | |
| Berserker Strength | 1 | |
7 total
» buildings
| Altar of Storms | 1 | |
| Orc Burrow | 6 | |
| Voodoo Lounge | 1 | |
| Barracks | 1 | |
| War Mill | 1 | |
| Stronghold | 1 | |
| Watch Tower | 2 | |
| Beastiary | 2 | |
| Fortress | 1 | |
16 total
» build order
00:09 Altar of Storms
00:16 Orc Burrow
01:04 Voodoo Lounge
01:26 Barracks
01:44 Orc Burrow
02:02 War Mill
03:40 Orc Burrow
05:46 Orc Burrow
07:20 Stronghold
08:57 Watch Tower
09:04 Watch Tower
09:53 Beastiary
09:58 Beastiary
10:14 Orc Burrow
19:31 Fortress
19:47 Orc Burrow
» items
| Lesser Clarity Potion | 1 | |
| Healing Salve | 3 | |
| Potion of Healing | 1 | |
| Scroll of Town Portal | 1 | |
6 total
team 2 (winner)
Okdok6000 (
green | 170 APM | 2029 actions | 11:55)
3 Blademaster
2 Wind Walk
1 Critical Strike
2 Shadow Hunter
1 Hex
1 Healing Wave
» actions
| Assign group hotkey | 15 | |
| Basic commands | 78 | |
| Build / train | 73 | |
| ESC pressed | 1 | |
| Enter build submenu | 14 | |
| Enter hero's abilities submenu | 5 | |
| Give item / drop item | 3 | |
| Right click | 440 | |
| Select / deselect | 251 | |
| Select group hotkey | 1081 | |
| Use ability | 68 | |
2029 total
» units
» upgrades
| Armor | 2 | |
| Berserker Strength | 1 | |
| Shaman Training | 1 | |
4 total
» buildings
| Altar of Storms | 1 | |
| Orc Burrow | 4 | |
| Barracks | 1 | |
| Voodoo Lounge | 1 | |
| Stronghold | 3 | |
| War Mill | 1 | |
| Watch Tower | 4 | |
| Spirit Lodge | 1 | |
| Fortress | 2 | |
| Tauren Totem | 1 | |
19 total
» build order
00:07 Altar of Storms
00:10 Orc Burrow
00:32 Barracks
01:26 Orc Burrow
01:50 Voodoo Lounge
04:14 Stronghold
04:14 Stronghold
04:44 War Mill
05:59 Watch Tower
06:00 Watch Tower
06:01 Watch Tower
06:04 Orc Burrow
06:57 Spirit Lodge
07:59 Fortress
09:16 Watch Tower
10:25 Tauren Totem
10:51 Orc Burrow
» items
| Healing Salve | 4 | |
| Potion of Healing | 2 | |
| Scroll of Speed | 2 | |
| Boots of Speed | 1 | |
| Potion of Lesser Invulnerability | 1 | |
| Staff of Teleportation | 1 | |
| Lesser Clarity Potion | 1 | |
12 total
BIN-LADEN (
blue | 85 APM | 1063 actions | 12:26)
3 Archmage
1 Blizzard
1 Brilliance Aura
1 Summon Water Elemental
» actions
| Assign group hotkey | 11 | |
| Basic commands | 35 | |
| Build / train | 47 | |
| ESC pressed | 8 | |
| Enter build submenu | 24 | |
| Enter hero's abilities submenu | 3 | |
| Right click | 497 | |
| Select / deselect | 234 | |
| Select group hotkey | 139 | |
| Use ability | 65 | |
1063 total
» units
| Peasant | 18 | |
| Sorceress | 3 | |
| Priest | 3 | |
24 total
» upgrades
| Sorceress Training | 2 | |
| Priest Training | 2 | |
4 total
» buildings
| Barracks | 1 | |
| Altar of Kings | 1 | |
| Farm | 8 | |
| Scout Tower | 5 | |
| Arcane Tower | 3 | |
| Lumber Mill | 1 | |
| Guard Tower | 5 | |
| Keep | 2 | |
| Arcane Sanctum | 6 | |
| Castle | 1 | |
| Town Hall | 1 | |
34 total
» build order
00:07 Barracks
00:09 Altar of Kings
00:13 Farm
00:56 Farm
01:26 Scout Tower
01:54 Arcane Tower
01:55 Arcane Tower
01:57 Scout Tower
02:00 Lumber Mill
02:24 Scout Tower
02:26 Arcane Tower
02:51 Scout Tower
03:03 Guard Tower
03:03 Guard Tower
03:14 Scout Tower
03:23 Guard Tower
03:52 Keep
03:53 Keep
04:17 Guard Tower
05:01 Farm
05:04 Farm
05:21 Farm
05:23 Farm
05:30 Farm
06:20 Arcane Sanctum
06:23 Arcane Sanctum
06:25 Castle
06:28 Arcane Sanctum
06:46 Arcane Sanctum
07:15 Arcane Sanctum
07:18 Arcane Sanctum
10:42 Farm
12:09 Town Hall
» items
| Healing Salve | 1 | |
| Lesser Clarity Potion | 1 | |
2 total
Saddam.Hussein (
red | 93 APM | 3271 actions | 35:07)
9 Mountain King
3 Storm Bolt
3 Thunder Clap
1 Avatar
2 Bash
7 Paladin
3 Holy Light
3 Divine Shield
1 Resurrection
» actions
| Assign group hotkey | 78 | |
| Basic commands | 263 | |
| Build / train | 144 | |
| ESC pressed | 1 | |
| Enter build submenu | 30 | |
| Enter hero's abilities submenu | 16 | |
| Give item / drop item | 5 | |
| Remove unit from queue | 1 | |
| Right click | 1292 | |
| Select / deselect | 468 | |
| Select group hotkey | 656 | |
| Use ability | 317 | |
3271 total
» units
| Peasant | 26 | |
| Footman | 5 | |
| Rifleman | 19 | |
| Peon | 3 | |
53 total
» upgrades
| Masonry | 3 | |
| Gunpowder | 3 | |
| Armor | 3 | |
| Long Rifles | 1 | |
| Lumber Harvesting | 2 | |
| Reinforced Defenses | 1 | |
13 total
» buildings
| Altar of Kings | 1 | |
| Barracks | 2 | |
| Farm | 10 | |
| Arcane Vault | 1 | |
| Lumber Mill | 1 | |
| Blacksmith | 1 | |
| Keep | 3 | |
| Town Hall | 1 | |
| Scout Tower | 16 | |
| Guard Tower | 17 | |
| Castle | 5 | |
58 total
» build order
00:57 Altar of Kings
01:01 Barracks
01:03 Farm
01:06 Farm
01:48 Farm
01:55 Farm
02:21 Arcane Vault
02:45 Lumber Mill
03:57 Farm
04:26 Blacksmith
05:56 Keep
05:56 Keep
05:56 Keep
06:23 Farm
07:58 Farm
08:01 Farm
08:58 Town Hall
09:00 Scout Tower
09:01 Scout Tower
09:02 Scout Tower
09:03 Scout Tower
09:04 Scout Tower
09:06 Scout Tower
09:07 Scout Tower
09:08 Scout Tower
09:10 Scout Tower
09:48 Guard Tower
09:48 Guard Tower
09:48 Guard Tower
09:53 Guard Tower
09:53 Guard Tower
09:53 Guard Tower
10:03 Guard Tower
10:24 Guard Tower
12:07 Castle
12:07 Castle
12:08 Castle
13:27 Scout Tower
13:27 Scout Tower
13:28 Scout Tower
13:29 Scout Tower
13:30 Scout Tower
13:31 Scout Tower
13:35 Scout Tower
13:41 Guard Tower
14:12 Guard Tower
15:47 Guard Tower
15:47 Guard Tower
15:47 Guard Tower
16:48 Barracks
25:55 Farm
26:32 Farm
» items
| Staff of Teleportation | 2 | |
| Scroll of Regeneration | 6 | |
| Lesser Clarity Potion | 2 | |
| Scroll of Town Portal | 3 | |
| Boots of Speed | 1 | |
| Periapt of Vitality | 1 | |
| Potion of Lesser Invulnerability | 1 | |
16 total

»
droptactics (
orange | 11 APM | 372 actions | 35:07)
4 Far Seer
2 Feral Spirit
2 Chain Lighting
2 Tauren Chieftain
1 Endurance Aura
1 War Stomp
» actions
| Build / train | 70 | |
| Enter build submenu | 10 | |
| Enter hero's abilities submenu | 6 | |
| Right click | 131 | |
| Select / deselect | 124 | |
| Use ability | 31 | |
372 total
» units
| Peon | 7 | |
| Troll Headhunter/Berserker | 26 | |
| Forest Troll Shadow Priest | 1 | |
| Shaman | 17 | |
51 total
» upgrades
| Ranged Weapons | 2 | |
| Troll Regeneration | 1 | |
| Armor | 2 | |
| Shaman Training | 2 | |
| Berserker Upgrade | 1 | |
8 total
» buildings
| Altar of Storms | 1 | |
| Orc Burrow | 8 | |
| Barracks | 2 | |
| War Mill | 1 | |
| Stronghold | 1 | |
| Fortress | 1 | |
| Spirit Lodge | 1 | |
15 total
» build order
00:53 Altar of Storms
00:55 Orc Burrow
00:58 Barracks
01:20 War Mill
01:40 Barracks
01:54 Orc Burrow
02:31 Orc Burrow
02:33 Orc Burrow
02:34 Orc Burrow
05:02 Stronghold
07:39 Fortress
07:44 Spirit Lodge
16:07 Orc Burrow
16:07 Orc Burrow
16:08 Orc Burrow
» items
Chat log
(00:08 / All) Saddam.Hussein: Saddam Hussein and Osama Bin Laden on the same team
(00:13 / All) HeartOfDarkness: die terrorists
(00:30 / All) BLACK-BALLS-BEN: tis is sparta!!!!!!!
(01:55 / Allies) Okdok6000: tp yto harras?
(02:14 / All) BLACK-BALLS-BEN: I DO LOL
(02:23 / All) BLACK-BALLS-BEN: I AM A STRAIGHT OUT G DAWG
(02:26 / All) PowerPuffsWeed: TP
(02:33 / Allies) Saddam.Hussein: it's 2 heroes
(02:47 / All) HeartOfDarkness: how gaay
(03:01 / All) HeartOfDarkness: fucking terrorists
(03:37 / All) Saddam.Hussein: I'm gonna blow you all to smithereens just like I did Babylon
(06:13 / All) HeartOfDarkness: GET THE TERRORIST
(06:46 / All) BLACK-BALLS-BEN: WTB SHREDDER
(11:02 / Allies) Saddam.Hussein: Give me my drums
(11:04 / Allies) Saddam.Hussein: give it
(11:09 / Allies) Saddam.Hussein: hand it over
(11:18 / Allies) Saddam.Hussein: give me my drums
(11:19 / Allies) Saddam.Hussein: or I tk
(11:31 / Allies) Saddam.Hussein: give it
(11:36 / Allies) Saddam.Hussein: hand the drums over
(11:38 / Allies) Saddam.Hussein: or your hero dies
(11:43 / Allies) Saddam.Hussein: orange
(11:45 / Allies) Saddam.Hussein: hand the drums over
(12:55 / All) Saddam.Hussein: I asked for my warsong drums
(12:58 / All) Saddam.Hussein: from the creeps I camped
(13:04 / All) Saddam.Hussein: and tried to kill his far seer
(13:07 / All) Saddam.Hussein: He just stood around, orange
(13:09 / All) Saddam.Hussein: doing nothing
(13:19 / All) HeartOfDarkness: orange sounds like a fag
(14:27 / All) BLACK-BALLS-BEN: YAY SOBI MASK ON AM
(14:29 / All) BLACK-BALLS-BEN: 2 of em
(14:35 / All) Saddam.Hussein: I'll take them
(14:37 / All) Saddam.Hussein: I got good heroes for it
(14:45 / All) Saddam.Hussein: ty
(16:17 / All) Saddam.Hussein: Orange is still basically AFK
(16:34 / All) Saddam.Hussein: kill him for me
(16:56 / All) BLACK-BALLS-BEN: 5 bux says i cant take on an afker player
(17:05 / All) HeartOfDarkness: CHARGE
(17:07 / All) HeartOfDarkness: FOR KHAZ MODAN
(17:53 / All) BLACK-BALLS-BEN: yea make burrow right next to us
(18:13 / All) BLACK-BALLS-BEN: droptactics is the player who accused me of mhing like 5 months ago
(19:03 / All) Saddam.Hussein: Good work on the tp staffs
(19:09 / All) BLACK-BALLS-BEN: thank u my liege
(19:17 / All) BLACK-BALLS-BEN: i aim to please u
(19:50 / All) BLACK-BALLS-BEN: im shocked yellow may get a lvl 6 hero
(20:38 / All) Saddam.Hussein: This mk moves fast as fuck, jango, unholy aura and boots of speed
(23:19 / All) Saddam.Hussein: staff
(23:26 / All) Saddam.Hussein: Good work
(23:56 / All) Saddam.Hussein: lol
(24:27 / All) Saddam.Hussein: look how fast my mk is
(24:32 / All) BLACK-BALLS-BEN: i noticed
(24:40 / All) Saddam.Hussein: It's crazy
(24:42 / All) Saddam.Hussein: he is the hero chaser
(25:16 / All) Saddam.Hussein: well just orange left
(25:17 / All) HeartOfDarkness: welp lawl
(25:17 / All) Saddam.Hussein: God damn
(25:25 / All) HeartOfDarkness: orange still here
(25:37 / All) HeartOfDarkness: oh
(25:40 / All) HeartOfDarkness: Misread lawl
(25:55 / All) BLACK-BALLS-BEN: we alwys get the same maps consecutively
(26:00 / All) Saddam.Hussein: yeah
(26:01 / All) Saddam.Hussein: it's odd
(26:26 / All) Saddam.Hussein: No XP forgot to stop the towers
(26:39 / All) Saddam.Hussein: Just getting a few more rifles before I kill my shit
(26:45 / All) BLACK-BALLS-BEN: i feel like watching some john wayne westerns
(26:55 / All) HeartOfDarkness: that'll be the day
(28:02 / All) Saddam.Hussein: shit need 30 secs for mana
(29:38 / All) BLACK-BALLS-BEN: oww
(29:44 / All) HeartOfDarkness: STruck down like a rat
(29:52 / All) Saddam.Hussein: Can't run away from my unholy aura, endurance aura, boots of speed mountain king
(30:00 / All) Saddam.Hussein: that's last structure
(30:05 / All) Saddam.Hussein: oh 2nd last
(30:25 / All) BLACK-BALLS-BEN: at least bolt didnt kill me
(30:35 / All) HeartOfDarkness: Satanic ritual around this wagon burner's teepee
(30:45 / All) Saddam.Hussein: Any last words for us orange?
(32:00 / All) HeartOfDarkness: DIE ROCKY RACCOON
(32:26 / All) BLACK-BALLS-BEN: i is stuck
(32:35 / All) Saddam.Hussein: LET ME GET IT!
(32:41 / All) Saddam.Hussein: A shame
(32:53 / All) HeartOfDarkness: Guess I should have maintained form
(32:57 / All) Saddam.Hussein: If there was a legit UD I'd have level 3 bolt and light
(33:00 / All) Saddam.Hussein: and uber fast MK
(33:12 / All) Saddam.Hussein: omw
(33:15 / All) BLACK-BALLS-BEN: UR STUCK 2 HEHEHEHE
(33:17 / All) Saddam.Hussein: Good work
(33:31 / All) Saddam.Hussein: lmao
(33:33 / All) Saddam.Hussein: opened it up
(33:36 / All) Saddam.Hussein: that was sweet
(34:06 / All) Saddam.Hussein: Misclick on garg
(34:58 / All) Saddam.Hussein: oops shit
(35:03 / All) HeartOfDarkness: Enough with this farce